 Dungeon Crawl Stone Soup version 0.25-a0-942-g87a53962fc (webtiles) character file.

Game seed: 13787626651462497310, levelgen mode: deterministic

396448 Flugslaktarn the Impregnable (level 21, 0/316 HPs)
             Began as a Minotaur Fighter on May 7, 2020.
             Was an Initiate of Gozag.
             Succumbed to Fothoby's poison arrow
             ... on level 15 of the Dungeon.
             The game lasted 00:25:12 (33815 turns).

Flugslaktarn the Impregnable (Minotaur Fighter)    Turns: 33815, Time: 00:25:13

Health: 0/316      AC: 47    Str: 29    XL:     21   Next: 86%
Magic:  29/29      EV: 21    Int:  8    God:    Gozag
Gold:   9531       SH: 20    Dex: 16    Spells: 20/20 levels left

rFire    + + .     SeeInvis .   O - +9 broad axe (freeze)
rCold    + . .     Gourm    .   I - +5 kite shield of Bad Feelings {*Drain rElec MP+9 Stlth+}
rNeg     . . .     Faith    .   Q - +7 plate armour {rF+}
rPois    +         Spirit   .   M - +2 hat {Int+3}
rElec    +         Reflect  .   G - +2 cloak {MR+}
rCorr    +         Harm     .   D - +2 pair of gloves {Str+3}
MR       ++...                  E - +2 pair of boots {Stlth+}
Stlth    ..........             g - amulet of regeneration
HPRegen  1.02/turn              p - +5 ring of protection
MPRegen  0.21/turn              n - +3 ring of dexterity

@: mighty, berserking, lethally poisoned (0 -> -1), resistant, gold aura, stab,
flying, very slightly contaminated, hasted, invisible, very quick
A: retaliatory headbutt, horns 2, weak 1
0: Orb of Zot
}: 3/15 runes: decaying, serpentine, silver
a: Potion Petition, Call Merchant, Bribe Branch, Renounce Religion


You were on level 15 of the Dungeon.
You worshipped Gozag.
Gozag was greatly pleased with you.
You were not hungry.

You visited 9 branches of the dungeon, and saw 47 of its levels.
You also visited: Bailey.

You collected 28012 gold pieces.
You spent 3640 gold pieces at shops.
You paid 14841 gold pieces to Gozag.

Inventory:

Hand Weapons
 o - a +1 war axe of electrocution
   (You found it on level 4 of the Dungeon)
 O - a +9 broad axe of freezing (weapon)
   (You took it off an orc warlord on level 1 of the Orcish Mines)
Missiles
 V - 2 throwing nets (quivered)
Armour
 c - a +2 cloak of poison resistance
   (You took it off Crazy Yiuf on level 5 of the Dungeon)
 y - a scarf of resistance
   (You bought it in a shop on level 2 of the Orcish Mines)
 C - the +6 chain mail of the Sun {Dex+4}
   (You bought it in a shop on level 8 of the Dungeon)

   It affects your dexterity (+4).
 D - a +2 pair of gloves of strength (worn)
   (You bought it in a shop on level 8 of the Dungeon)
 E - a +2 pair of boots of stealth (worn)
   (You bought it in a shop on level 8 of the Dungeon)
 G - a +2 cloak of magic resistance (worn)
   (You found it in a bailey)
 I - the +5 kite shield of Bad Feelings (worn) {*Drain rElec MP+9 Stlth+}
   (You acquired it on level 8 of the Dungeon)

   It insulates you from electricity.
   It affects your magic capacity (+9).
   It causes draining when unequipped.
   It makes you more stealthy.
 M - a +2 hat of intelligence (worn)
   (You took it off Gastronok on level 10 of the Dungeon)
 Q - a +7 plate armour of fire resistance (worn)
   (You found it on level 5 of the Lair of Beasts)
Jewellery
 f - an uncursed ring of protection from fire
   (You took it off a deep elf high priest on level 5 of the Vaults)
 g - an amulet of regeneration (around neck)
   (You found it on level 2 of the Lair of Beasts)
 n - a +3 ring of dexterity (right hand)
   (You found it on level 4 of the Dungeon)
 p - a +5 ring of protection (left hand)
   (You found it on level 5 of the Dungeon)
Wands
 k - a wand of enslavement (4)
   (You found it on level 2 of the Swamp)
 u - a wand of iceblast (8)
   (You found it on level 6 of the Dungeon)
 v - a wand of digging (20)
   (You found it on level 6 of the Lair of Beasts)
 A - a wand of scattershot (6)
   (You found it on level 7 of the Dungeon)
 B - a wand of paralysis (34)
   (You found it on level 8 of the Dungeon)
 F - a wand of clouds (6)
   (You took it off a naga mage on level 4 of the Snake Pit)
 U - a wand of acid (23)
   (You found it on level 6 of the Dungeon)
Scrolls
 a - a scroll of holy word
 i - 6 scrolls of fear
 r - 10 scrolls of identify
 s - a scroll of summoning
 t - 5 scrolls of teleportation
 x - 17 scrolls of remove curse
 z - 2 scrolls of blinking
 H - 3 scrolls of magic mapping
 N - 5 scrolls of fog
 P - 3 scrolls of vulnerability
 T - a scroll of silence
 W - 2 scrolls of immolation
Potions
 d - 6 potions of might
 h - 2 potions of haste
 j - a potion of cancellation {unknown}
 l - 3 potions of invisibility
 m - 4 potions of mutation
 J - 3 potions of berserk rage
 K - a potion of magic
 L - 4 potions of resistance
 R - 7 potions of flight
 S - a potion of ambrosia
Comestibles
 e - 46 rations


   Skills:
 + Level 23.3 Fighting
 - Level 18.0 Axes
 + Level 24.6 Armour
 + Level 19.2 Dodging
 - Level 15.0 Shields


You had 20 spell levels left.
You didn't know any spells.
Your spell library was empty.

Dungeon Overview and Level Annotations

Branches:
Dungeon (15/15)            Temple (1/1) D:4            Lair (6/6) D:10
  Swamp (4/4) Lair:2        Snake (4/4) Lair:2        Slime (0/5) Lair:6
    Orc (2/2) D:11            Elf (0/3) Orc:2        Vaults (5/5) D:13
 Depths (5/5) D:15            Zot (5/5) Depths:5     Bailey (visited)
  Crypt: Vaults:2-3

Altars:
Ashenzari
Cheibriados
Dithmenos
Elyvilon
Fedhas
Gozag
Hepliaklqana
Kikubaaqudgha
Makhleb
Nemelex Xobeh
Okawaru
Qazlal
Ru
Sif Muna
Trog
Uskayaw
Vehumet
Wu Jian
Xom
Yredelemnul
Zin
The Shining One
Beogh
Jiyva

Shops:
D:8 [   Orc:1 [   Orc:2 [[}%   Vaults:2 *:?

Portals:
Hell: Depths:3 Depths:5
Pandemonium: Depths:1
Ziggurat: Depths:3

Annotations:
Lair:1 exclusion: oklob plant
Snake:3 Vashnia


Innate Abilities, Weirdness & Mutations

You reflexively headbutt those who attack you in melee.
You have a pair of horns on your head.
You are weak. (Str -2)


Message History

You partially resist.
* * * LOW HITPOINT WARNING * * *
You barely miss Fothoby.
Fothoby is severely wounded.
You slice the Tzitzimitl!! You freeze the Tzitzimitl.
You barely miss the cacodemon.
* * * LOW HITPOINT WARNING * * *
You feel sick.
The cacodemon becomes distracted by the nearby gold, dreaming of imaginary riches.
The Tzitzimitl misses you. You furiously retaliate!
You headbutt the Tzitzimitl!
You kill the Tzitzimitl!
The cacodemon shouts!
You open Fothoby like a pillowcase!!! You freeze Fothoby.
You kill Fothoby!
The cacodemon disappears in a puff of smoke!
The Brimstone Fiend disappears in a puff of smoke!
Your life force feels restored.
You die...
Your body crumbles into a pile of gold.

.................................
.....######........######..#####.
.....# #........# #..# #. .....#
#........# #..# #. .....#
#........# #..# #.
.....######.......$######(.# #.
...........................# #^
..............<.........(..# #.
.....####..#####@.#######(.# #^
.....# #..# #$§# #..#####. .....#
#..# #..# #........ .....# #..#
#§.# #(....... .....# #..# #..#
#..#####. .....# #..# #..# #..#
#. .....# #..# #### #..# #.
.....# #..# ### #..# #.
.....####..######_#######..#####.


There were no monsters in sight!

Vanquished Creatures
  An ancient lich (Depths:3)
  Mara (Vaults:5)
  Margery (Vaults:5)
  Saint Roka (Depths:3)
  the Lernaean hydra (Swamp:4)
  A pandemonium lord (D:15)
  A bone dragon (Depths:5)
  Jorgrun (D:14)
  2 liches
  2 titans
  3 sphinxes (Vaults:5)
  2 death cobs
  The ghost of DrMuscles the Fencer, an adept FoFi of Okawaru (Orc:2)
  A thorn hunter (Swamp:4)
  Kirke (Snake:3)
  Gastronok (D:10)
  10 shadow dragons
  A tengu reaver (Vaults:5)
  3 storm dragons
  A draconian monk (Depths:5)
  4 fire giants
  A frost giant (Depths:4)
  2 iron dragons (Vaults:5)
  6 nagarajas (Snake:4)
  Louise (Snake:1)
  A deep elf sorcerer (Vaults:5)
  8 vault wardens
  2 orc warlords
  A caustic shrike zombie (Depths:1)
  2 draconian scorchers
  A ghost moth (Zot:4)
  10 ironheart preservers
  A juggernaut zombie (Depths:3)
  A war gargoyle (Vaults:5)
  A draconian shifter (Zot:5)
  A deep elf elementalist (Vaults:5)
  3 very ugly things (Vaults:5)
  An entropy weaver (Vaults:2)
  10 stone giants
  Nessos (Lair:4)
  6 vampire knights (Depths:3)
  A deep elf demonologist (Vaults:5)
  A green draconian (Zot:2)
  A yellow draconian (Depths:5)
  Azrael (Snake:1)
  2 black draconians (Depths:5)
  3 purple draconians
  A red draconian (Zot:5)
  2 spark wasps (Depths:1)
  2 deep elf death magi (Depths:3)
  6 ettins
  A merfolk impaler (Depths:3)
  11 yaktaur captains
  3 fire dragons
  A deep elf high priest (Vaults:5)
  2 great orbs of eyes
  Fannar (Lair:1)
  3 ice dragons
  2 rakshasas
  32 vault guards
  2 ghost crabs
  4 spriggan air magi
  18 hydras
  7 naga warriors
  Erolcha (D:9)
  A catoblepas (D:15)
  A death knight (Vaults:3)
  9 anacondas
  7 centaur warriors
  3 alligators
  10 ogre magi
  2 tengu warriors
  A deep troll shaman (Vaults:3)
  39 two-headed ogres
  3 deep troll earth magi
  A vampire mage (Depths:1)
  6 shock serpents
  Urug (Lair:1)
  15 naga sharpshooters
  2 orc high priests
  2 deep elf knights
  3 spriggan berserkers (Depths:5)
  A large abomination (Depths:5)
  A soul eater (Depths:3)
  2 salamander mystics (Snake:4)
  A shadow wraith (Vaults:3)
  3 hell knights
  5 skeletal warriors
  13 deep trolls
  A spriggan druid (Swamp:2)
  6 wizards
  8 naga ritualists
  10 swamp dragons
  4 unseen horrors
  A flayed ghost (Depths:4)
  10 ironbrand convokers
  2 deep elf archers (Vaults:3)
  4 necromancers
  2 lindwurms (Lair:6)
  5 mana vipers
  13 orc knights
  A harpy (shapeshifter) (Vaults:5)
  2 wolf spiders
  A manticore (D:14)
  9 deep elf magi
  A salamander (shapeshifter) (Vaults:2)
  3 orc sorcerers
  6 salamanders
  5 moths of wrath
  24 ugly things
  Maurice (D:8)
  4 cyclopes
  A guardian serpent (Snake:3)
  A frost giant skeleton (Depths:1)
  24 naga magi
  A titan simulacrum (Depths:1)
  13 vault sentinels
  A fire giant skeleton (Depths:1)
  10 elephants (Lair:5)
  A stone giant skeleton (Depths:1)
  4 centaur skeletons
  An eye of devastation (shapeshifter) (Vaults:5)
  32 black mambas
  9 torpor snails
  12 spiny frogs
  3 gargoyles
  Psyche (D:9)
  26 yaktaurs
  6 freezing wraiths
  A komodo dragon (shapeshifter) (Depths:1)
  3 rime drakes
  5 komodo dragons
  3 kobold demonologists
  An efreet (D:15)
  11 trolls
  3 tengu conjurers
  A queen bee (shapeshifter) (Vaults:4)
  An ice dragon zombie (Depths:1)
  14 hornets
  Grinder (D:5)
  A polar bear (D:8)
  8 tyrant leeches
  6 slime creatures
  5 hippogriffs
  2 dream sheep (D:8)
  A stone giant simulacrum (Depths:1)
  3 bog bodies
  13 blink frogs
  A deep troll zombie (Depths:1)
  A redback (shapeshifter) (Vaults:5)
  2 wyverns
  38 yaks
  3 shadows
  6 spriggans
  3 hogs (Snake:3)
  22 humans
  A redback (Vaults:2)
  A water elemental (Depths:3)
  A wraith (D:15)
  4 hungry ghosts
  4 basilisks
  9 vampire mosquitoes
  4 fire elementals (Snake:1)
  A golden eye (shapeshifter) (Depths:4)
  A steam dragon (Lair:6)
  39 nagas
  7 swamp worms
  Edmund (D:4)
  Menkaure (D:4)
  2 acid dragons (Lair:6)
  18 wargs
  14 insubstantial wisps
  8 porcupines
  11 water moccasins
  7 hell hounds
  A black bear (D:8)
  10 swamp drakes
  53 orc warriors
  3 sky beasts
  2 human skeletons
  An eye of draining (D:13)
  12 ice beasts
  A deep troll simulacrum (Depths:1)
  5 boggarts (Vaults:3)
  37 ogres
  24 centaurs
  3 phantoms
  46 wolves
  11 crocodiles
  Blork the orc (D:6)
  8 big kobolds
  10 bullfrogs
  A wyvern skeleton (D:12)
  A scorpion (D:5)
  10 killer bees
  A water moccasin skeleton (D:10)
  A howler monkey (D:11)
  An elf simulacrum (Vaults:3)
  A vampire bat (Lair:1)
  10 wights
  5 electric eels
  3 crimson imps
  4 centaur zombies
  A quasit (D:12)
  7 jellies
  2 bullfrog zombies
  Crazy Yiuf (D:5)
  4 hounds
  3 bullfrog skeletons
  19 orc wizards
  13 orc priests
  7 iguanas
  10 worker ants
  A killer bee zombie (D:8)
  A bullfrog simulacrum (D:8)
  A hound zombie (D:6)
  A hound skeleton (D:9)
  A howler monkey zombie (D:11)
  A worker ant zombie (D:6)
  Robin (D:3)
  13 adders
  12 gnolls
  A shadow imp (D:10)
  A white imp (D:8)
  A worker ant simulacrum (D:8)
  An ufetubus (D:8)
  An adder zombie (D:6)
  3 worms
  2 dart slugs (D:3)
  4 leopard geckos
  99 orcs
  7 giant cockroaches
  31 goblins
  19 hobgoblins
  13 jackals
  22 kobolds
  2 quokkas
  A ball python (D:2)
  19 bats
  4 frilled lizards
  A quokka skeleton (D:7)
  9 rats
  3 crawling corpses (Depths:3)
  2 fungi
  5 plants
1518 creatures vanquished.

Vanquished Creatures (collateral kills)
  2 Killer Klowns (Zot:5)
  An electric golem (Zot:5)
  10 Orb Guardians (Zot:5)
  A quicksilver dragon (Vaults:5)
  A shadow dragon (Vaults:5)
  2 tengu reavers (Vaults:5)
  A storm dragon (Zot:5)
  A vault warden (Vaults:5)
  A draconian annihilator (Zot:5)
  A ghost moth (Zot:5)
  A war gargoyle (Vaults:5)
  An ironheart preserver (Vaults:5)
  A dire elephant (Zot:5)
  A purple draconian (Zot:5)
  A yaktaur captain (Vaults:5)
  A centaur warrior (Vaults:4)
  An alligator snapping turtle (Zot:5)
  A fire crab (shapeshifter) (Vaults:5)
  2 moths of wrath (Zot:5)
  A freezing wraith (Vaults:5)
  2 centaurs (Vaults:4)
34 creatures vanquished.

Vanquished Creatures (others)
  A juggernaut (Zot:5)
  An orb of fire (Zot:5)
  3 ancient liches
  4 Killer Klowns (Zot:5)
  A tentacled monstrosity (Vaults:5)
  7 Orb Guardians (Zot:5)
  2 titans (Vaults:5)
  A lich (Vaults:5)
  A quicksilver dragon (Zot:5)
  A sphinx (Vaults:5)
  A tengu reaver (Vaults:5)
  4 vault wardens (Vaults:5)
  An orc warlord (Vaults:5)
  An emperor scorpion (Zot:5)
  2 ironheart preservers (Vaults:5)
  2 stone giants (Vaults:5)
  A deep elf annihilator (Vaults:5)
  An ettin (Vaults:5)
  2 deep elf death magi (Vaults:5)
  2 yaktaur captains (Vaults:5)
  A hell knight (Vaults:5)
  A deep elf mage (Vaults:5)
  A glowing orange brain (Vaults:5)
  2 deep elf archers (Vaults:5)
  A necromancer (Vaults:5)
  A phantasmal warrior (Vaults:5)
  A moth of wrath (Zot:5)
  4 vault sentinels (Vaults:5)
  A freezing wraith (Vaults:5)
  A tyrant leech (Swamp:3)
  A hell hound (Depths:4)
  An orc warrior (Vaults:5)
  An ogre (Vaults:5)
  3 fungi
  2 plants
61 creatures vanquished.

Grand Total: 1613 creatures vanquished

Notes
Turn   | Place    | Note
-------+----------+-------------------------------------------
     0 | D:1      | Flugslaktarn the Minotaur Fighter began the quest for the
                  | Orb.
     0 | D:1      | Reached XP level 1. HP: 19/19 MP: 0/0
   193 | D:1      | Reached XP level 2. HP: 27/27 MP: 1/1
   730 | D:1      | Reached XP level 3. HP: 31/33 MP: 2/2
   871 | D:2      | Reached skill level 4 in Armour
  1050 | D:2      | Found a basalt altar of Yredelemnul.
  1102 | D:2      | Found a shadowy altar of Dithmenos.
  1277 | D:2      | Reached XP level 4. HP: 16/40 MP: 3/3
  1868 | D:3      | Identified the +2 helmet of the Equinox {rC++}
  1868 | D:3      | Noticed Robin
  1879 | D:3      | Killed Robin
  1879 | D:3      | Reached XP level 5. HP: 34/47 MP: 4/4
  2559 | D:4      | Reached skill level 5 in Axes
  2659 | D:4      | Found a staircase to the Ecumenical Temple.
  2678 | D:4      | Noticed a phantom
  2694 | D:4      | Killed a phantom
  2694 | D:4      | Reached skill level 5 in Armour
  2694 | D:4      | Reached skill level 5 in Shields
  2694 | D:4      | Reached XP level 6. HP: 46/55 MP: 5/5
  2698 | Temple   | Entered the Ecumenical Temple
  2899 | Temple   | Became a worshipper of Gozag Ym Sagoz the Greedy
  2935 | D:4      | Reached skill level 5 in Fighting
  3145 | D:4      | Noticed Menkaure
  3148 | D:4      | Killed Menkaure
  3259 | D:4      | Noticed Edmund
  3264 | D:4      | Killed Edmund
  3264 | D:4      | Reached XP level 7. HP: 61/61 MP: 6/6
  3394 | D:5      | Entered Level 5 of the Dungeon
  3394 | D:5      | Noticed Grinder
  3407 | D:5      | Killed Grinder
  3826 | D:5      | Reached skill level 6 in Armour
  3924 | D:5      | Found a shimmering altar of Xom.
  4020 | D:5      | Found a runed translucent door.
  4021 | D:5      | Noticed Crazy Yiuf
  4113 | D:5      | Reached XP level 8. HP: 64/70 MP: 7/7
  4166 | D:5      | Found a glowing golden altar of the Shining One.
  4299 | D:5      | Killed Crazy Yiuf
  4641 | D:6      | Noticed Blork the orc
  4650 | D:6      | Killed Blork the orc
  4804 | D:6      | Reached skill level 7 in Armour
  5209 | D:7      | Reached XP level 9. HP: 79/79 MP: 8/8
  5258 | D:7      | Found a sparkling altar of Nemelex Xobeh.
  6120 | D:8      | Noticed a polar bear
  6121 | D:8      | Noticed Maurice
  6127 | D:8      | Killed a polar bear
  6133 | D:8      | Killed Maurice
  6133 | D:8      | Reached skill level 10 in Axes
  6135 | D:8      | Reached skill level 8 in Armour
  6373 | D:8      | Found Qidog's Antique Armour Boutique.
  6376 | D:8      | Bought a brightly glowing chain mail for 190 gold pieces
  6376 | D:8      | Bought a pair of glowing gloves for 150 gold pieces
  6376 | D:8      | Bought a pair of glowing boots for 150 gold pieces
  6386 | D:8      | Identified the +6 chain mail of the Sun {Dex+4} (You bought
                  | it in a shop on level 8 of the Dungeon)
  6399 | D:8      | Found a white marble altar of Elyvilon.
  6399 | D:8      | Found a shattered altar of Ashenzari.
  6430 | D:8      | Found a flagged portal.
  6612 | Bailey   | Entered a bailey
  6700 | Bailey   | Found an iron altar of Okawaru.
  6700 | Bailey   | Noticed a kobold demonologist
  6700 | Bailey   | Noticed a kobold demonologist
  6707 | Bailey   | Killed a kobold demonologist
  6707 | Bailey   | Killed a kobold demonologist
  6721 | Bailey   | Noticed an orc knight
  6732 | Bailey   | Reached XP level 10. HP: 58/90 MP: 9/9
  6740 | Bailey   | Killed an orc knight
  7169 | Bailey   | Got a pitted hand axe
  7394 | Bailey   | Reached skill level 9 in Armour
  7612 | D:8      | Identified the +5 kite shield of Bad Feelings {*Drain rElec
                  | MP+9 Stlth+} (You acquired it on level 8 of the Dungeon)
  7612 | D:8      | Identified the ring of the Moon {rElec Slay+3} (You
                  | acquired it on level 8 of the Dungeon)
  7806 | D:8      | Noticed a two-headed hydra
  7812 | D:8      | Killed a five-headed hydra
  7952 | D:8      | Found a blossoming altar of Fedhas.
  7956 | D:8      | Found a stormy altar of Qazlal.
  8209 | D:9      | Noticed Psyche
  8222 | D:9      | Killed Psyche
  8222 | D:9      | Reached XP level 11. HP: 64/99 MP: 10/10
  8226 | D:9      | Noticed a two-headed ogre
  8231 | D:9      | Killed a two-headed ogre
  8231 | D:9      | Reached skill level 10 in Shields
  8488 | D:9      | Noticed Erolcha
  8496 | D:9      | Killed Erolcha
  8496 | D:9      | Reached skill level 10 in Fighting
  8496 | D:9      | Reached skill level 10 in Armour
  8602 | D:9      | Found a shimmering blue altar of Sif Muna.
  8780 | D:9      | Found an iron altar of Okawaru.
  8845 | D:10     | Entered Level 10 of the Dungeon
  8853 | D:10     | Found a staircase to the Lair.
  8942 | D:10     | Noticed a two-headed ogre
  8946 | D:10     | Killed a two-headed ogre
  9183 | D:10     | Noticed a two-headed ogre
  9190 | D:10     | Killed a two-headed ogre
  9368 | D:10     | Noticed Gastronok
  9376 | D:10     | Killed Gastronok
  9477 | D:10     | Noticed a green ugly thing
  9493 | D:10     | Killed a green ugly thing
  9493 | D:10     | Reached skill level 11 in Armour
  9536 | D:10     | Identified the +6 hand axe "Ostruimn" {speed, Int+4 Dex+4}
                  | (You found it in a bailey)
  9605 | Lair:1   | Entered Level 1 of the Lair of Beasts
  9605 | Lair:1   | Noticed Fannar
  9620 | Lair:1   | Killed Fannar
  9620 | Lair:1   | Reached XP level 12. HP: 80/110 MP: 11/11
  9762 | Lair:1   | Noticed Urug
  9779 | Lair:1   | Killed Urug
 10072 | Lair:1   | Found a bloodstained altar of Trog.
 10868 | Lair:2   | Reached skill level 15 in Axes
 11148 | Lair:2   | Found a staircase to the Snake Pit.
 11221 | Lair:2   | Reached skill level 12 in Armour
 11221 | Lair:2   | Noticed a seven-headed hydra
 11231 | Lair:2   | Killed an 11-headed hydra
 11474 | Lair:2   | Found a staircase to the Swamp.
 11638 | Lair:2   | Noticed a five-headed hydra
 11644 | Lair:2   | Killed a nine-headed hydra
 11956 | Lair:3   | Reached XP level 13. HP: 118/118 MP: 12/12
 12177 | Lair:3   | Found a snail-covered altar of Cheibriados.
 12721 | Lair:4   | Found a frozen archway.
 13028 | Lair:4   | Noticed Nessos
 13048 | Lair:4   | Killed Nessos
 13886 | Lair:5   | Reached skill level 13 in Armour
 14528 | Lair:6   | Entered Level 6 of the Lair of Beasts
 14559 | Lair:6   | Found a viscous altar of Jiyva.
 14672 | Lair:6   | Reached XP level 14. HP: 84/129 MP: 13/13
 15037 | Lair:6   | Found a runed translucent door.
 15189 | Lair:6   | Reached skill level 1 in Dodging
 15421 | Lair:6   | Found a staircase to the Slime Pits.
 16643 | D:11     | Found a staircase to the Orcish Mines.
 16772 | Orc:1    | Entered Level 1 of the Orcish Mines
 16799 | Orc:1    | Identified the ring "Yxkofit" {rF- rN+ MP+9 Int+2} (You
                  | acquired it on level 1 of the Orcish Mines)
 16920 | Orc:1    | Noticed a stone giant
 16929 | Orc:1    | Noticed an orc warlord
 16936 | Orc:1    | Killed a stone giant
 16963 | Orc:1    | Killed an orc warlord
 16963 | Orc:1    | Reached skill level 14 in Armour
 17068 | Orc:1    | Found Beor's Armour Boutique.
 17195 | Orc:2    | Entered Level 2 of the Orcish Mines
 17328 | Orc:2    | Noticed an orc warlord
 17333 | Orc:2    | Gained mutation: You are weak. (Str -2) [a neqoxec]
 17354 | Orc:2    | Killed an orc warlord
 17710 | Orc:2    | Found a staircase to the Elven Halls.
 17919 | Orc:2    | Found Roffuh's Gadget Shoppe.
 17919 | Orc:2    | Found Caygesm's Antique Armour Shop.
 17920 | Orc:2    | Found Otu Ahef's Food Boutique.
 17920 | Orc:2    | Found Popoth's Antique Armour Shoppe.
 17932 | Orc:2    | Reached skill level 5 in Dodging
 17956 | Orc:2    | Reached XP level 15. HP: 139/139 MP: 14/14
 17991 | Orc:2    | Bought an embroidered scarf for 272 gold pieces
 18127 | Orc:2    | Found a runed translucent gate.
 18127 | Orc:2    | Found a runed translucent gate.
 18128 | Orc:2    | Found a runed translucent gate.
 18132 | Orc:2    | Identified the +6 great sword "Wojiwa" {flame, +Inv rElec
                  | rPois Str-4}
 18132 | Orc:2    | Noticed DrMuscles's ghost (adept FoFi)
 18133 | Orc:2    | Found a roughly hewn altar of Beogh.
 18336 | Orc:2    | Killed DrMuscles's ghost
 18949 | D:12     | You fall into a shaft and drop 1 floor!
 18999 | D:13     | Reached skill level 15 in Armour
 18999 | D:13     | Reached skill level 15 in Shields
 19000 | D:13     | Reached skill level 15 in Fighting
 19561 | D:13     | Found a sparkling altar of Nemelex Xobeh.
 19902 | D:13     | Paralysed by a wizard for 5 turns
 19948 | D:13     | Found a gate to the Vaults.
 20690 | D:14     | Noticed Jorgrun
 20703 | D:14     | Killed Jorgrun
 20964 | D:15     | Entered Level 15 of the Dungeon
 21119 | D:15     | Reached skill level 16 in Armour
 21123 | D:15     | Reached XP level 16. HP: 127/151 MP: 15/15
 21255 | D:15     | Found a glowing golden altar of the Shining One.
 21468 | D:15     | Found a staircase to the Depths.
 21948 | Snake:1  | Entered Level 1 of the Snake Pit
 22220 | Snake:1  | Noticed Louise
 22243 | Snake:1  | Killed Louise
 22243 | Snake:1  | Reached skill level 10 in Dodging
 22291 | Snake:1  | Noticed Azrael
 22315 | Snake:1  | Killed Azrael
 23150 | Snake:3  | Reached skill level 17 in Armour
 23441 | Snake:3  | Noticed Vashnia
 23442 | Snake:3  | Identified the +2 robe of the Skies Above {rC+ MP+9 Str+5
                  | Dex+4}
 23745 | Snake:3  | Noticed Kirke
 23756 | Snake:3  | Killed Kirke
 23854 | Snake:4  | Entered Level 4 of the Snake Pit
 24026 | Snake:4  | Identified the +7 hand axe of Jacunut {venom, rElec Dex+5}
                  | (You acquired it on level 4 of the Snake Pit)
 24092 | Snake:4  | Reached XP level 17. HP: 97/162 MP: 16/16
 24740 | Snake:4  | Reached skill level 18 in Armour
 25414 | Snake:4  | Got a serpentine rune of Zot
 25778 | Swamp:1  | Entered Level 1 of the Swamp
 26327 | Swamp:4  | Entered Level 4 of the Swamp
 26524 | Swamp:4  | Noticed the 27-headed Lernaean hydra
 26551 | Swamp:4  | Killed the 27-headed Lernaean hydra
 26565 | Swamp:4  | Reached XP level 18. HP: 99/174 MP: 17/17
 26943 | Swamp:4  | Got a decaying rune of Zot
 27073 | Swamp:1  | Reached skill level 19 in Armour
 27222 | Vaults:1 | Entered Level 1 of the Vaults
 27510 | Vaults:2 | Found Suxkoiqa's Assorted Antiques.
 27518 | Vaults:2 | Bought a scroll of enchant armour for 247 gold pieces
 27518 | Vaults:2 | Bought a potion of resistance for 330 gold pieces
 27757 | Vaults:2 | Found Remotha's Book Shop.
 27761 | Vaults:2 | Found Saorirel's Magic Scroll Emporium.
 27765 | Vaults:2 | Bought a manual of Armour for 1987 gold pieces
 27769 | Vaults:2 | Bought a scroll of enchant weapon for 157 gold pieces
 27769 | Vaults:2 | Bought a scroll of enchant armour for 157 gold pieces
 28128 | Vaults:3 | Reached skill level 20 in Armour
 28380 | Vaults:3 | Reached skill level 15 in Dodging
 28511 | Vaults:3 | Reached XP level 19. HP: 69/185 MP: 18/18
 28986 | Vaults:3 | Reached skill level 21 in Armour
 29273 | Vaults:5 | Entered Level 5 of the Vaults
 29341 | Vaults:5 | Reached skill level 22 in Armour
 29537 | Vaults:5 | Noticed Mara
 29542 | Vaults:5 | Noticed Flugslaktarn's illusion
 29556 | Vaults:5 | Killed Mara
 29752 | Vaults:5 | Identified Ruanaz's Volume of Damaging Hexes
 29908 | Vaults:5 | Reached XP level 20. HP: 198/198 MP: 19/19
 29986 | Vaults:5 | Noticed an ancient lich
 30004 | Vaults:5 | Killed an ancient lich
 30013 | Vaults:5 | Noticed Margery
 30024 | Vaults:5 | Killed Margery
 30254 | Vaults:5 | Reached skill level 23 in Armour
 30294 | Vaults:5 | Identified Xeahif's Volume of the Compass
 30448 | Vaults:5 | Got a silver rune of Zot
 30501 | Vaults:5 | Paralysed by a sphinx for 7 turns
 30636 | Vaults:5 | Identified the cursed +0 long sword "Rerhiukh" {freeze,
                  | rC++ Str+5}
 30670 | Vaults:5 | Noticed a golden dragon
 30961 | Depths:1 | Entered Level 1 of the Depths
 31351 | Depths:1 | Found a one-way gate leading to the halls of Pandemonium.
 31413 | Depths:1 | Identified the +1 plate armour of Broken Taboos {rF+ rC+
                  | Slay+4} (You acquired it on level 1 of the Depths)
 31428 | Depths:1 | Identified the +1 leather armour "Ihepnug" {*Corrode Str+3
                  | Int+2}
 31539 | Depths:3 | Found a gateway to Hell.
 31539 | Depths:3 | Noticed Saint Roka
 31558 | Depths:3 | Killed Saint Roka
 31713 | Depths:3 | Found a gateway to a ziggurat.
 31796 | Depths:3 | Noticed an ancient lich
 31805 | Depths:3 | Killed an ancient lich
 31851 | Depths:3 | Paralysed by something for 2 turns
 31866 | Depths:3 | Reached XP level 21. HP: 109/209 MP: 20/20
 31872 | Depths:3 | Paralysed by something for 4 turns
 31897 | Depths:3 | Paralysed by something for 4 turns
 32443 | Depths:5 | Entered Level 5 of the Depths
 32492 | Depths:5 | Reached skill level 24 in Armour
 32745 | Depths:5 | Found a gate to the Realm of Zot.
 33061 | Zot:1    | Entered Level 1 of the Realm of Zot
 33212 | Zot:5    | Entered Level 5 of the Realm of Zot
 33438 | Zot:5    | Noticed an ancient lich
 33449 | Zot:5    | Noticed an ancient lich
 33453 | Zot:5    | Noticed a Killer Klown
 33453 | Zot:5    | Noticed a Killer Klown
 33453 | Zot:5    | Noticed a Killer Klown
 33454 | Zot:5    | Noticed a Killer Klown
 33455 | Zot:5    | Noticed an orb of fire
 33456 | Zot:5    | Noticed a Killer Klown
 33458 | Zot:5    | Noticed a Killer Klown
 33470 | Zot:5    | Killed an ancient lich
 33477 | Zot:5    | Noticed a Killer Klown
 33478 | Zot:5    | Noticed an orb of fire
 33478 | Zot:5    | Noticed a Killer Klown
 33479 | Zot:5    | Noticed an orb of fire
 33479 | Zot:5    | Got the Orb of Zot
 33481 | Zot:5    | Noticed a Killer Klown
 33482 | Zot:5    | Noticed a Killer Klown
 33483 | Zot:5    | Killed a Killer Klown
 33485 | Zot:5    | Noticed a juggernaut
 33485 | Zot:5    | a Killer Klown changed into a juggernaut
 33490 | Zot:5    | Killed a Killer Klown
 33498 | Zot:5    | Killed a juggernaut
 33505 | Zot:5    | Killed a Killer Klown
 33724 | Depths:1 | Noticed Coshropro the pandemonium lord
 33724 | Depths:1 | Noticed an ancient lich
 33790 | D:15     | Noticed Fothoby the pandemonium lord
 33811 | D:15     | HP: 8/211 [Fothoby the pandemonium lord (15)]
 33813 | D:15     | HP: 2/316 [Fothoby the pandemonium lord/poison arrow (26)]
 33815 | D:15     | Killed Fothoby the pandemonium lord
 33815 | D:15     | Succumbed to Fothoby's poison arrow

Levels and vault maps discovered:
D:1:      tarquinn_simple_flora_water_c, layout_loops_ring
D:2:      layout_rooms, lemuel_crystal_altar, marbit_many_paths
D:3:      layout_rooms, serial_bayou_pond_d, uniq_robin
D:4:      layout_loops_ring, temple_fountains, first_ration, uniq_edmund,
          uniq_menkaure
D:5:      layout_basic, kennysheep_mini_moat, kennysheep_little_box,
          uniq_crazy_yiuf_cottage, uniq_grinder
D:6:      layout_basic, serial_shops, shop, kennysheep_generic_room_7,
          uniq_blork_the_orc
D:7:      layout_gridville, nicolae_overflow_hidden_temple
D:8:      layout_rooms, grunt_temple_overflow_forces_of_nature,
          gammafunk_temple_overflow_wave, enter_bailey_2, serial_shops,
          kennysheep_mini, serial_ice, serial_ice_a, serial_ice_j, serial_ice_b,
          serial_ice_d, hangedman_ranch [blue_anna_fruit_fields], uniq_maurice
D:9:      layout_rooms, lemuel_coloured_pillars_altar, okawaru_humans,
          uniq_erolcha, uniq_psyche
D:10:     layout_loops_ring, lair_entry_dummy, uniq_gastronok
D:11:     layout_irregular_city, orc_0_dummy
D:12:     layout_basic
D:13:     layout_basic, grunt_vaults_entry_tiered, basic_altar
D:14:     layout_roguey, evilmike_butchery, uniq_jorgrun
D:15:     grunt_enter_depths_magical_seal, layout_small_grid, tso_altar
Temple:   bh_familiar_temple
Lair:1:   layout_small_grid, roderic_batcave, chequers_serial_rivers_small_a,
          lemuel_oklob_altar, grunt_megastairs_3, uniq_fannar, uniq_urug
Lair:2:   layout_roguey, skrybe_swamp_entry_bodies,
          minmay_snake_entry_guardpost_small, grunt_forest_large_clearings
Lair:3:   layout_misc_corridors, minivault_24, kennysheep_snail_temple,
          lemuel_fruit_fields
Lair:4:   layout_cave_pods, portal_ice_cave_entry_ice_beasts,
          chequers_serial_rivers_small_b, grunt_megastairs_5, uniq_nessos
Lair:5:   layout_gridlike, grunt_megastairs_4, lemuel_fruit_tree
Lair:6:   wormcave, layout_regular_city, guppyfry_lair_end_dragon, slime_altar_1
Swamp:1:  layout_basic_swamp, portal_ice_cave_entry_ice_statue_one,
          serial_swamp_ruin, evilmike_swamp_ruin_house_1,
          evilmike_swamp_ruin_house_6
Swamp:2:  layout_basic_swamp, infiniplex_staircase_pool_2, uniq_donald
Swamp:3:  layout_falls_marsh, evilmike_swamp_ruin_rubble_2
Swamp:4:  swamp_old_school, layout_basic_swamp, swamp_pool1
Snake:1:  layout_misc_corridors, nicolae_snake_serpentine_hallways, uniq_louise,
          uniq_azrael
Snake:2:  layout_chambers
Snake:3:  layout_misc_corridors, grunt_megastairs_1, uniq_vashnia, uniq_kirke
Snake:4:  snake_pit, layout_gridlike
Orc:1:    layout_diamond_mine, serial_shops,
          nicolae_shop_temple_entry_statues_fountains
Orc:2:    st_orc_ogre_mass, layout_diamond_mine, biasface_ghost_orc_armoury,
          mines_bat_river
Vaults:1: nicolae_vaults_big_ls, v_pattern_2, hangedman_vaults_cutoff,
          vaults_mumra_chevron, nicolae_vaults_big_angled_halls,
          grunt_vaults_swirl, nicolae_vaults_angled_halls,
          hangedman_vaults_trim, vaults_room_corners, vaults_room_glass_cross,
          layout_vaults_omnibox, serial_shops, shop
Vaults:2: nicolae_vaults_what_the_h, v_alt_pattern_5, vaults_mumra_hex,
          minmay_crypt_entry_simple_statues, v_misc_24,
          ontoclasm_vaults_shuriken, nicolae_vaults_circle_grid_a,
          ontoclasm_vaults_gateway, layout_vaults_quadrants, serial_shops, shop,
          nicolae_shop_trees, shop, nicolae_shop_stone
Vaults:3: hangedman_vaults_maws, v_pattern_4, ontoclasm_vaults_ring_large,
          v_rooms_4, st_lines, layout_vaults_chaotic_city
Vaults:4: hangedman_vaults_river_flow, vaults_standard_mumra_enter_the_diamond,
          nicolae_vaults_diagonal_hallway_8, v_misc_9,
          nicolae_vaults_sealed_display, v_misc_29, nicolae_vaults_alarming,
          nicolae_vaults_fighting_squares, nicolae_vaults_angled_halls,
          ontoclasm_vaults_loading_screen, v_misc_25,
          nicolae_vaults_little_squares_1, layout_vaults_ring,
          portal_desolation_entry_nicolae_nacl
Vaults:5: serial_shops, uniq_margery, uniq_mara
Depths:1: layout_cave_shapes, serial_sigils_hangedman_writhe, pan_entry,
          grunt_hell_entry_dis_mu, onia_ninara_cookie
Depths:2: lightli_eight_chambers, layout_gridlike, hell_entry, glass_columns_b,
          serial_bayou_shore_b, infiniplex_staircase_x, firewood_loft,
          serial_bayou_shore_b, minmay_shoptagon
Depths:3: minmay_the_grid_triangle_9x9_recursive_2
          [minmay_the_grid_triangle_9x9_prize_insulated,
          minmay_the_grid_triangle_9x9_from_above,
          minmay_the_grid_triangle_9x9_windchime,
          minmay_the_grid_triangle_9x9_tough_junction], layout_gridlike,
          enter_ziggurat_c, pf_vacation_house_of_asmodeus,
          rand_demon_pan_entry_9, abyss_entry_small_statue_room, special_room
          [special_room_morgue], columned_hall_lemuel, uniq_frederick,
          uniq_saint_roka
Depths:4: lemuel_river_lethe, hell_entry, abyss_entry
Depths:5: grunt_zot_entry_tricorne, layout_small_grid, hell_entry,
          minmay_hedge_maze, minmay_shop_grove
Zot:1:    layout_gridlike, hangedman_zot_decor_tridents
Zot:2:    layout_gridlike, skrybe_zot_glass_3, lemuel_elevator
Zot:3:    layout_gridlike, st_stairs_13, hangedman_snake_sidewinding
Zot:4:    layout_twisted_circle
Zot:5:    layout_misc_corridors, kennysheep_underground_church

Skill      XL: |  1  2  3  4  5  6  7  8  9 10 11 12 13 14 15 16 17 18 19 20 21 |
---------------+----------------------------------------------------------------+-----
Axes           | 3 4 5 6 7 9 11 12 14 15 17 18 | 18.0
Shields        | 4 5 6 7 8 9 11 12 13 14 15 | 15.0
Armour         | 4 5 6 7 8 9 11 12 13 14 16 17 18 20 22 23 24 | 24.6
Fighting       | 4 5 6 7 8 9 11 12 13 14 16 17 18 20 21 22 23 | 23.3
Dodging        | 5 9 11 13 15 16 18 19 | 19.2

Action                   |  1- 3 |  4- 6 |  7- 9 | 10-12 | 13-15 | 16-18 | 19-21 || total
-------------------------+-------+-------+-------+-------+-------+-------+-------++-------
Melee: War axe           |   104 |   103 |   239 |   474 |   747 |       |       ||  1667
       Headbutt          |     8 |    20 |    49 |   119 |   302 |   376 |   342 ||  1216
       Broad axe         |       |       |       |       |   316 |  1286 |  1065 ||  2667
Invok: Potion Petition   |       |       |       |       |       |     1 |     5 ||     6
       Bribe Branch      |       |       |       |       |       |       |     4 ||     4
Evoke: Wand              |       |       |       |     2 |       |       |     1 ||     3
  Use: Scroll            |       |     4 |     7 |    10 |    15 |    12 |    14 ||    62
       Potion            |       |       |       |     2 |     2 |     9 |    10 ||    23
 Stab: Distracted        |       |       |       |     4 |    17 |    21 |     9 ||    51
       Sleeping          |       |       |       |       |       |       |     7 ||     7
  Eat: Chunk             |     1 |     5 |       |       |       |       |       ||     6
       Ration            |       |     1 |     3 |     5 |     9 |     8 |     5 ||    31
Armor: Scale mail        |    55 |    26 |       |       |       |       |       ||    81
       Plate armour      |       |    28 |    79 |       |       |    46 |   431 ||   584
       Chain mail        |       |       |    20 |   166 |   388 |   370 |       ||   944
Dodge: Dodged            |    31 |    35 |    34 |    68 |   200 |   451 |   433 ||  1252
Block: Kite shield       |    60 |    64 |   124 |   327 |   724 |  1030 |   797 ||  3126

Table legend:
 A = Non-vault XP
 B = Vault XP
 C = Vault XP percentage of total XP
 D = Non-vault monster count
 E = Vault monster count
 F = Vault count percentage of total count
                 A         B        C        D         E       F
            +---------+---------+-------+---------+---------+-------
      Total |  325418 |  357669 |  52.4 |     976 |     570 |  36.9
            +---------+---------+-------+---------+---------+-------
        D:1 |      55 |       0 |   0.0 |      28 |       0 |   0.0
        D:2 |      88 |       1 |   1.1 |      19 |       1 |   5.0
        D:3 |     125 |      35 |  21.9 |      23 |      11 |  32.4
        D:4 |     233 |     321 |  57.9 |      10 |       2 |  16.7
        D:5 |     461 |     321 |  41.0 |      11 |       2 |  15.4
        D:6 |    1027 |      97 |   8.6 |      29 |       2 |   6.5
        D:7 |     487 |       0 |   0.0 |      16 |       0 |   0.0
        D:8 |    1155 |    3394 |  74.6 |      32 |      17 |  34.7
        D:9 |    1483 |    1768 |  54.4 |      14 |       4 |  22.2
       D:10 |    5325 |    2109 |  28.4 |      38 |       1 |   2.6
       D:11 |    1468 |       0 |   0.0 |      11 |       0 |   0.0
       D:12 |    3316 |       0 |   0.0 |      22 |       0 |   0.0
       D:13 |    8879 |    7697 |  46.4 |      30 |      25 |  45.5
       D:14 |    8249 |    3004 |  26.7 |      28 |       1 |   3.4
       D:15 |   11044 |    6203 |  36.0 |      32 |       9 |  22.0
     Lair:1 |    3410 |    2879 |  45.8 |      14 |      17 |  54.8
     Lair:2 |    4304 |    4843 |  52.9 |      15 |      39 |  72.2
     Lair:3 |    2350 |    1683 |  41.7 |      10 |       4 |  28.6
     Lair:4 |    7285 |    2999 |  29.2 |      37 |      11 |  22.9
     Lair:5 |   10653 |     812 |   7.1 |      26 |       4 |  13.3
     Lair:6 |    5171 |   10128 |  66.2 |      17 |      29 |  63.0
    Swamp:1 |    1669 |       0 |   0.0 |       7 |       0 |   0.0
    Swamp:2 |    8635 |       0 |   0.0 |      24 |       0 |   0.0
    Swamp:3 |    2176 |       0 |   0.0 |       6 |       0 |   0.0
    Swamp:4 |    7771 |   19395 |  71.4 |      21 |      23 |  52.3
    Snake:1 |   11673 |    4378 |  27.3 |      24 |      10 |  29.4
    Snake:2 |    5540 |       0 |   0.0 |      12 |       0 |   0.0
    Snake:3 |   11611 |    8080 |  41.0 |      24 |      12 |  33.3
    Snake:4 |   21168 |   30073 |  58.7 |      39 |      44 |  53.0
      Orc:1 |    7503 |       0 |   0.0 |      39 |       0 |   0.0
      Orc:2 |    5535 |   22647 |  80.4 |      46 |      56 |  54.9
   Vaults:1 |    1286 |       0 |   0.0 |       2 |       0 |   0.0
   Vaults:2 |   29006 |   15953 |  35.5 |      53 |      21 |  28.4
   Vaults:3 |   40093 |    8470 |  17.4 |      78 |       7 |   8.2
   Vaults:4 |    2974 |    2543 |  46.1 |      12 |       2 |  14.3
   Vaults:5 |   11339 |  104769 |  90.2 |      18 |      82 |  82.0
   Depths:1 |   34996 |     991 |   2.8 |      63 |       1 |   1.6
   Depths:2 |     887 |       0 |   0.0 |       1 |       0 |   0.0
   Depths:3 |   14081 |   37802 |  72.9 |      13 |      34 |  72.3
   Depths:4 |       0 |    8150 | 100.0 |       0 |      24 | 100.0
   Depths:5 |    8905 |   23008 |  72.1 |      12 |      15 |  55.6
      Zot:1 |    2742 |       0 |   0.0 |       2 |       0 |   0.0
      Zot:2 |       0 |    1300 | 100.0 |       0 |       1 | 100.0
      Zot:4 |    3196 |       0 |   0.0 |       4 |       0 |   0.0
      Zot:5 |   16064 |   19164 |  54.4 |      14 |      16 |  53.3
     Bailey |       0 |    2652 | 100.0 |       0 |      43 | 100.0
            +---------+---------+-------+---------+---------+-------
